Map: Jagannatha EC

Players

Moonlight - Winner!

  • Race: Protoss Protoss
  • League: Platinum
  • Spawn Location: 1:00

GoodRipper

  • Race: Zerg Zerg
  • League: Platinum
  • Spawn Location: 7:00

VOD

Have the link to the VOD?

Description

Time

  • Played on: Oct. 20, 2020, 3:59 a.m.
  • Length: 14:01
Show
View Real Time Build Order
Export as new Build Order

Moonlight Protoss - Winner!

Build Orders: Oracle Opening, Carriers 

Get SALT Encoding   

  12  0:00  Probe  
  13  0:12  Probe  
  14  0:19  Pylon  
  14  0:24  Probe  
  15  0:37  Probe  
  16  0:46  Gateway  
  16  0:49  Probe  
  17  0:53  Assimilator  
  17  0:57  Assimilator  
  17  1:01  Probe  
  18  1:13  Probe  
  19  1:26  Probe  
  20  1:33  Cybernetics Core  
  20  1:38  Probe  
  21  1:50  Probe  
  21  1:53  Pylon  
  22  2:03  Probe  
  23  2:11  Adept  
  23  2:13  Warp Gate  
  23  2:15  Probe  
  26  2:21  Nexus  
  26  2:27  Probe  
  27  2:41  Stargate, Probe  
  28  2:52  Shield Battery  
  28  2:53  Probe  
  29  3:00  Stalker  
  29  3:04  Pylon  
  31  3:22  Probe  
  31  3:24  Oracle  
  35  3:33  Probe  
  35  3:34  Probe  
  37  3:45  Probe  
  37  3:46  Probe  
  39  3:55  Void Ray  
  39  3:57  Assimilator  
  39  3:58  Probe  
  39  4:00  Assimilator, Probe  
  45  4:07  Stargate  
  45  4:10  Probe  
  46  4:28  Probe x2  
  48  4:38  Void Ray  
  47  4:40  Probe x2  
  53  4:48  Nexus  
  53  4:52  Probe  
  52  4:53  Probe  
  52  4:57  Protoss Air Weapons Level 1 (Chrono Boost)  
  53  5:04  Probe  
  54  5:09  Pylon  
  54  5:21  Void Ray  
  54  5:27  Probe x2  
  60  5:38  Pylon  
  60  5:39  Probe x2  
  62  5:43  Pylon  
  62  5:48  Fleet Beacon  
  62  5:50  Void Ray  
  62  5:56  Probe  
  67  5:58  Void Ray  
  67  6:03  Probe x2  
  69  6:08  Probe  
  74  6:15  Probe  
  74  6:16  Probe  
  76  6:21  Probe  
  76  6:22  Cybernetics Core  
  77  6:27  Void Ray, Probe  
  77  6:28  Probe  
  79  6:33  Probe  
  85  6:40  Probe  
  85  6:43  Probe  
  85  6:45  Probe  
  87  6:47  Assimilator  
  87  6:50  Assimilator  
  87  6:53  Pylon  
  87  6:54  Probe  
  88  6:55  Probe  
  88  6:56  Pylon  
  88  7:04  Probe  
  88  7:06  Probe  
  88  7:07  Pylon, Probe  
  91  7:11  Carrier  
  97  7:18  Probe x2  
  97  7:20  Probe  
  104  7:24  Carrier  
  104  7:29  Stargate  
  106  7:31  Protoss Air Weapons Level 2 (Chrono Boost)  
  106  7:46  Nexus  
  106  7:49  Pylon  
  106  7:51  Pylon  
  106  8:01  Shield Battery  
  106  8:03  Shield Battery  
  106  8:05  Shield Battery  
  106  8:15  Carrier  
  106  8:18  Carrier, Protoss Air Armor Level 1 (Chrono Boost)  
  118  8:21  Forge  
  118  8:29  Carrier, Shield Battery  
  118  8:34  Probe, Shield Battery  
  125  8:42  Shield Battery  
  125  8:51  Probe x2  
  125  8:52  Probe  
  128  8:58  Pylon  
  128  9:03  Probe  
  128  9:04  Probe x2  
  131  9:30  Pylon  
  131  9:32  Pylon, Nexus  
  131  9:35  Assimilator  
  131  9:39  Assimilator  
  131  9:43  Pylon  
  131  9:44  Pylon  
  131  9:45  Pylon  
  128  9:47  Shield Battery  
  128  9:48  Carrier x2  
  128  9:50  Carrier  
  146  10:31  Protoss Air Armor Level 2 (Chrono Boost)  
  146  10:35  Protoss Air Weapons Level 3 (Chrono Boost)  
  142  10:59  Photon Cannon  
  142  11:00  Photon Cannon  
  142  11:01  Protoss Shields Level 1 (Chrono Boost)  
  142  11:03  Photon Cannon  
  142  11:05  Photon Cannon  
  142  11:08  Carrier x2 (Chrono Boost)  
  142  11:09  Carrier (Chrono Boost)  
  148  11:12  Photon Cannon  
  148  11:14  Photon Cannon  
  148  11:16  Photon Cannon  
  148  11:17  Pylon  
  160  11:18  Shield Battery  
  160  11:26  Stargate  
  160  11:36  Pylon  
  160  11:37  Nexus  
  160  11:39  Pylon  
  160  11:51  Photon Cannon  
  160  11:54  Photon Cannon  
  160  12:06  Carrier  
  140  12:22  Carrier x2  
  154  12:50  Carrier  
  160  13:11  Stargate  
  158  13:56  Assimilator  
  158  13:58  Assimilator  
Show
View Real Time Build Order
Export as new Build Order

GoodRipper Zerg 

Build Orders: Hatch First, Roach Hydra 

Get SALT Encoding   

  12  0:03  Drone  
  13  0:12  Overlord  
  13  0:17  Drone  
  14  0:31  Drone x2  
  16  0:51  Hatchery  
  16  0:53  Drone  
  16  0:56  Drone  
  17  1:07  Drone  
  17  1:08  Extractor  
  17  1:17  Spawning Pool  
  16  1:20  Drone  
  16  1:23  Drone  
  18  1:29  Drone  
  19  1:45  Drone  
  20  1:51  Overlord  
  20  2:06  Queen  
  20  2:08  Queen  
  24  2:09  Zergling x4  
  24  2:13  Metabolic Boost  
  26  2:18  Zergling x2  
  26  2:21  Drone  
  28  2:37  Drone x3  
  28  2:42  Queen  
  28  2:43  Queen  
  35  3:08  Drone  
  36  3:13  Hatchery  
  36  3:15  Roach Warren  
  36  3:18  Drone x2  
  36  3:36  Overlord x3  
  36  3:41  Lair  
  36  3:46  Pneumatized Carapace  
  36  3:59  Spore Crawler  
  35  4:03  Drone  
  35  4:04  Drone x4  
  35  4:05  Zergling x2  
  35  4:09  Spore Crawler  
  40  4:12  Drone x2  
  40  4:13  Drone  
  43  4:19  Roach  
  45  4:31  Evolution Chamber  
  45  4:33  Evolution Chamber  
  43  4:51  Roach x4  
  43  4:52  Roach  
  53  4:58  Queen  
  55  5:02  Drone x3  
  55  5:04  Glial Reconstitution  
  58  5:08  Extractor  
  58  5:09  Drone  
  58  5:10  Extractor  
  58  5:11  Overlord  
  57  5:19  Drone  
  57  5:21  Overlord  
  58  5:33  Spore Crawler  
  58  5:34  Drone x2, Queen  
  58  5:35  Drone x5  
  66  5:39  Overlord  
  66  5:43  Drone x2  
  66  5:44  Drone  
  66  5:45  Overlord  
  69  6:05  Overlord  
  69  6:11  Zerg Melee Weapons Level 1, Zerg Ground Armor Level 1  
  69  6:27  Drone x9  
  69  6:28  Drone x3  
  81  6:33  Drone  
  82  6:51  Extractor  
  81  6:55  Extractor  
  80  7:02  Zergling x4  
  80  7:03  Overlord x3  
  81  7:09  Hydralisk Den  
  81  7:15  Roach x2  
  81  7:18  Overseer x3  
  81  7:28  Roach x7  
  81  7:29  Roach  
  97  7:34  Drone x2  
  97  7:35  Drone x7  
  97  7:36  Overlord  
  106  7:48  Muscular Augments  
  106  8:01  Drone  
  106  8:02  Drone  
  106  8:05  Zerg Missile Weapons Level 1  
  108  8:06  Drone x2  
  108  8:07  Drone x3  
  113  8:17  Hatchery  
  113  8:18  Drone x2  
  113  8:19  Overlord x3  
  114  8:25  Zerg Ground Armor Level 2, Extractor  
  113  8:27  Infestation Pit  
  112  8:35  Hydralisk  
  114  8:42  Roach x7  
  114  8:46  Ravager  
  129  8:49  Roach  
  131  8:59  Grooved Spines  
  131  9:01  Roach x3  
  137  9:15  Hydralisk  
  137  9:16  Hydralisk  
  137  9:22  Overlord x2  
  137  9:23  Overlord  
  135  9:29  Spore Crawler  
  132  9:40  Hydralisk  
  132  9:44  Hydralisk  
  132  9:45  Hydralisk x6  
  134  9:55  Overlord x5  
  134  9:59  Zerg Melee Weapons Level 2  
  116  10:13  Hydralisk x5  
  118  10:19  Spore Crawler  
  118  10:20  Drone x3  
  117  10:23  Overlord x3  
  117  10:37  Overlord  
  117  10:38  Overlord x3  
  117  10:41  Drone x3, Zerg Missile Weapons Level 2  
  120  10:45  Extractor  
  119  10:50  Extractor  
  119  10:52  Hydralisk x5  
  128  11:03  Spire  
  127  11:05  Hydralisk x3  
  127  11:06  Hydralisk x3  
  139  11:12  Hydralisk x2  
  139  11:15  Drone  
  139  11:16  Queen  
  150  11:22  Queen  
  148  11:29  Hydralisk x5  
  158  11:33  Overseer  
  158  11:36  Overlord x2  
  158  11:37  Overlord  
  158  11:49  Hydralisk x4  
  166  11:58  Drone x3  
  169  12:08  Hydralisk x6  
  127  12:21  Corruptor x2  
  105  12:40  Hydralisk x6  
  105  12:41  Hydralisk  
  106  12:48  Corruptor  
  90  12:57  Hydralisk  
  88  13:00  Hydralisk x2  
  88  13:01  Hydralisk  
  88  13:04  Zergling x16  
  88  13:05  Zergling x4  
  100  13:11  Hydralisk  
  102  13:16  Hydralisk x3  
  108  13:22  Hatchery  
Tags
 
Add a new tag
Caveats
  • Supply blocks, unpowered buildings, or Contaminate may cause inaccurate times.
  • Supply counts are checked every 10 seconds.